 Dungeon Crawl Stone Soup version 0.14-a0-942-gbd853f2 (webtiles) character file.

166 PolkaDot the Ruinous (level 3, -1/24 HPs)
             Began as a Vampire Conjurer on Nov 19, 2013.
             Slain by an adder (2 damage)
             ... on Level 2 of the Dungeon.
             The game lasted 00:04:26 (2019 turns).

PolkaDot the Ruinous (Vampire Conjurer)             Turns: 2019, Time: 00:04:27

HP  -1/24        AC  2     Str  7      XL: 3   Next: 41%
MP   0/6         EV 12     Int 18      God:
Gold 122         SH  0     Dex 14      Spells:  2 memorised,  1 level left

Res.Fire  : . . .   See Invis. : +   (no weapon)
Res.Cold  : . . .   Warding    : .   a - +0 robe
Life Prot.: + . .   Conserve   : .   (no shield)
Res.Poison: .       Res.Corr.  : .   (no helmet)
Res.Elec. : .       Clarity    : .   (no cloak)
Sust.Abil.: . .     Spirit.Shd : .   (no gloves)
Res.Mut.  : .       Stasis     : .   (no boots)
Res.Rott. : .       Flight     : .   (no amulet)
Saprovore : . . .                    (no ring)
                                     (no ring)

@: mildly poisoned, slightly resistant to hostile enchantments, stealthy
A: fangs 3, see invisible, unbreathing
a: Bat Form


You were on level 2 of the Dungeon.
You were not thirsty.

You visited 1 branch of the dungeon, and saw 2 of its levels.

You collected 122 gold pieces.

Inventory:

Armour
 a - a +0 robe (worn)
Scrolls
 d - a scroll of amnesia {unknown}
 e - 4 scrolls of identify {unknown}
 f - 5 scrolls of teleportation {unknown}
 i - a scroll of fog {unknown}
 k - 2 scrolls of remove curse {unknown}
 l - a scroll of noise {unknown}
Potions
 g - a potion of confusion {unknown}
 h - 2 potions of heal wounds {unknown}
 j - a potion of curing {unknown}
 m - a potion of degeneration {unknown}
Books
 c - a book of Conjurations

   Spells                             Type                      Level
   *Magic Dart                        Conjuration                  1
   *Searing Ray                       Conjuration                  2
   Dazzling Spray                     Conjuration/Hexes            3
   Iskenderun's Mystic Blast          Conjuration                  4
   Iskenderun's Battlesphere          Conjuration/Charms           4
   Fulminant Prism                    Conjuration/Hexes            5


   Skills:
 - Level 2.1 Dodging
 - Level 3.0 Stealth
 - Level 1.0 Spellcasting
 * Level 3.9 Conjurations


You had one spell level left.
You knew the following spells:

 Your Spells              Type           Power        Failure   Level  Hunger
a - Magic Dart            Conj           ###.         4%          1    ##.....
s - Searing Ray           Conj           ###...       8%          2    ###....


Dungeon Overview and Level Annotations

Branches:
Dungeon (2/16)

Altars:


Innate Abilities, Weirdness & Mutations

You have razor-sharp teeth.*
You have supernaturally acute eyesight.
You can survive without breathing.*


Message History

* * * LOW HITPOINT WARNING * * *
Drink which item? (? for menu, Esc to quit)
This tastes delicious!
* * * LOW HITPOINT WARNING * * *
You feel sick. The adder barely misses you. The adder closely misses you.
Drink which item? (? for menu, Esc to quit)
Okay, then.
If it's blood you're after, try e.
Casting: Magic Dart
Confirm with . or Enter, or press ? or * to list all spells.
Aiming: Magic Dart
Press: ? - help, Shift-Dir - straight line, f/p - adder
Aim: an adder (almost dead)
The magic dart hits the adder.
The adder is almost dead.
* * * LOW MAGIC WARNING * * *;
* * * LOW HITPOINT WARNING * * *
You feel sick.
You feel a little better. The adder bites you.
You die...

#.. ### #.# ### #..
......#. #.#
#.##..... #.# #
#.##..#.# #<##
#.#.##..#.# #...
#.###.#.......# ###.
#<........>..####..#
#. #..@S...........
#. #####..######
#.##.
#..######.##....
#..#..........#.
#####....###......#.
...............##..#.
..............##..#%
#####.#..##.......#.
#.#.......##....


You could see an adder.

Vanquished Creatures
  An adder (D:2)
  A giant gecko (D:1)
  An ooze (D:1)
  A ball python (D:1)
  6 bats
  2 giant cockroaches (D:1)
  5 hobgoblins
  2 giant newts (D:1)
  3 goblins
  3 kobolds (D:1)
  5 rats
30 creatures vanquished.

Notes
Turn   | Place    | Note
--------------------------------------------------------------
     0 | D:1      | PolkaDot, the Vampire Conjurer, began the quest for the Orb.
     0 | D:1      | Reached XP level 1. HP: 13/13 MP: 4/4
   255 | D:1      | Reached XP level 2. HP: 16/19 MP: 0/5
  1498 | D:2      | Reached XP level 3. HP: 24/24 MP: 0/6
  1683 | D:2      | Learned a level 2 spell: Searing Ray
  2019 | D:2      | HP: 1/24 [poisoned by an adder]
  2019 | D:2      | Slain by an adder

Action                   || total
-------------------------++-------
Melee: Unarmed           ||    35
 Cast: Magic Dart        ||    73
  Use: Potion            ||     1
